NCAA
SAINT JOHN'S RED STORM @ VIRGINIA TECH HOKIES
05/23/2028
 
TOP OF THE 1ST
Saint John's Red Storm batting - Pitching for Virginia Tech Hokies : RHP Héctor Valentín
Pitching: RHP Héctor Valentín
Batting: SHB Roderick Thurman 0-0: Ball
1-0: Called Strike
1-1: Fly out, F5 (Line Drive, 5SF)
Batting: SHB Richard Coupland 0-0: Called Strike
0-1: Ball
1-1: Ball
2-1: Foul Ball, location: 2F
2-2: Foul Ball, location: 2F
2-2: Foul Ball, location: 2F
2-2: SINGLE (Groundball, 34D)
Batting: LHB Richard Shelton 0-0: Ball
Richard Coupland is caught stealing 2nd base
1-0: Foul Ball, location: 2F
1-1: Ball
2-1: Foul Ball, location: 2F
2-2: Foul Ball, location: 2F
2-2: Strikes out swinging
Top of the 1st over - 0 run(s), 1 hit(s), 0 error(s), 0 left on base; Saint John's 0 - Virginia Tech 0
BOTTOM OF THE 1ST
Virginia Tech Hokies batting - Pitching for Saint John's Red Storm : RHP Carlos Núñes
Pitching: RHP Carlos Núñes
Batting: RHB Bob Jones 0-0: Called Strike
0-1: Ball
1-1: Swinging Strike
1-2: Strikes out swinging
Batting: LHB Chris López 0-0: Called Strike
0-1: Ball
1-1: SINGLE (Groundball, 4MD)
Batting: RHB Eric Clay 0-0: Called Strike
0-1: Ball
1-1: Foul Ball, location: 2F
1-2: Strikes out swinging
Batting: RHB Clay Smith 0-0: Ball
1-0: Ball
2-0: 2-RUN HOME RUN (Flyball, 9LD), Distance : 328 ft
Batting: RHB Will McDonald 0-0: Ball
1-0: Ball
2-0: Ball
3-0: Base on Balls
Batting: RHB Rob Fleming 0-0: Foul Ball, location: 2F
0-1: Ball
1-1: Ball
2-1: Ball
3-1: SINGLE (Line Drive, 34)
Will McDonald to second
Batting: RHB Jack Jenkins 0-0: Called Strike
0-1: Called Strike
0-2: Ball
1-2: Foul Ball, location: 2F
1-2: Strikes out swinging
Bottom of the 1st over - 2 run(s), 3 hit(s), 0 error(s), 2 left on base; Saint John's 0 - Virginia Tech 2
TOP OF THE 2ND
Saint John's Red Storm batting - Pitching for Virginia Tech Hokies : RHP Héctor Valentín
Batting: RHB Jeffery Evans 0-0: Ball
1-0: Ball
2-0: Foul Ball, location: 2F
2-1: DOUBLE (Line Drive, 9LM)
Batting: RHB Mark Lester 0-0: Ball
1-0: Swinging Strike
1-1: Fly out, F7 (Flyball, 7LM)
Batting: RHB Pete King 0-0: Ball
Throwing error on steal attempt, E2
Jeffery Evans scores
1-0: Ball
2-0: Called Strike
2-1: Foul Ball, location: 2F
2-2: Ball
3-2: Foul Ball, location: 2F
3-2: Strikes out swinging
Batting: SHB Javier Rosado 0-0: Ball
1-0: Ball
2-0: Swinging Strike
2-1: Ball
3-1: Called Strike
3-2: Base on Balls
Batting: LHB Larry Bradley 0-0: Called Strike
Javier Rosado is caught stealing 2nd base
Top of the 2nd over - 1 run(s), 1 hit(s), 1 error(s), 0 left on base; Saint John's 1 - Virginia Tech 2
BOTTOM OF THE 2ND
Virginia Tech Hokies batting - Pitching for Saint John's Red Storm : RHP Carlos Núñes
Batting: RHB Primo Owen 0-0: Ball
1-0: Swinging Strike
1-1: Ball
2-1: SINGLE (Groundball, 6) (infield hit)
Batting: RHB Dusty Green 0-0: Ball
1-0: Ball
2-0: Swinging Strike
2-1: Fly out, F8 (Line Drive, 89M)
Batting: RHB Bob Jones 0-0: Foul Ball, location: 2F
0-1: Ball
1-1: Swinging Strike
1-2: Strikes out looking
Batting: LHB Chris López 0-0: Ball
1-0: Ball
Primo Owen is caught stealing 2nd base
Bottom of the 2nd over - 0 run(s), 1 hit(s), 0 error(s), 0 left on base; Saint John's 1 - Virginia Tech 2
TOP OF THE 3RD
Saint John's Red Storm batting - Pitching for Virginia Tech Hokies : RHP Héctor Valentín
Batting: LHB Larry Bradley 0-0: Ball
1-0: Called Strike
1-1: Foul Ball, location: 2F
1-2: Ball
2-2: Foul Ball, location: 2F
2-2: Strikes out swinging
Batting: SHB Ray O'Dell 0-0: Called Strike
0-1: Bunted foul
0-2: Ball
1-2: Strikes out looking
Batting: SHB Roderick Thurman 0-0: Ball
1-0: Ball
2-0: Foul Ball, location: 2F
2-1: Ball
3-1: Swinging Strike
3-2: Strikes out swinging
Top of the 3rd over - 0 run(s), 0 hit(s), 0 error(s), 0 left on base; Saint John's 1 - Virginia Tech 2
BOTTOM OF THE 3RD
Virginia Tech Hokies batting - Pitching for Saint John's Red Storm : RHP Carlos Núñes
Batting: LHB Chris López 0-0: Called Strike
0-1: Called Strike
0-2: Ground out 3-1 (Groundball, 34S)
Batting: RHB Eric Clay 0-0: Called Strike
0-1: Ball
1-1: Called Strike
1-2: Strikes out swinging
Batting: RHB Clay Smith 0-0: Called Strike
0-1: Ball
1-1: Foul Ball, location: 2F
1-2: Foul Ball, location: 2F
1-2: Ball
2-2: Fly out, F9 (Flyball, 9S)
Bottom of the 3rd over - 0 run(s), 0 hit(s), 0 error(s), 0 left on base; Saint John's 1 - Virginia Tech 2
TOP OF THE 4TH
Saint John's Red Storm batting - Pitching for Virginia Tech Hokies : RHP Héctor Valentín
Batting: SHB Richard Coupland 0-0: Called Strike
0-1: Reached on error, E4 (Groundball, 4)
Batting: LHB Richard Shelton 0-0: Ball
1-0: Called Strike
1-1: Foul Ball, location: 2F
1-2: Ball
2-2: Grounds into double play, 4-6-3 (Groundball, 4)
Batting: RHB Jeffery Evans 0-0: Ball
1-0: SINGLE (Flyball, 89S)
Batting: RHB Mark Lester 0-0: Called Strike
0-1: Called Strike
0-2: Ball
1-2: Strikes out swinging passed ball, reaches first!
Jeffery Evans to second
Batting: RHB Pete King 0-0: DOUBLE (Line Drive, 9LS)
Jeffery Evans scores
Mark Lester to third
Batting: SHB Javier Rosado 0-0: Called Strike
0-1: Ball
1-1: Ball
2-1: Called Strike
2-2: Ball
3-2: Foul Ball, location: 2F
3-2: Strikes out swinging
Top of the 4th over - 1 run(s), 2 hit(s), 1 error(s), 2 left on base; Saint John's 2 - Virginia Tech 2
BOTTOM OF THE 4TH
Virginia Tech Hokies batting - Pitching for Saint John's Red Storm : RHP Carlos Núñes
Batting: RHB Will McDonald 0-0: SINGLE (Flyball, 8RS)
Batting: RHB Rob Fleming 0-0: Called Strike
0-1: Ball
1-1: Called Strike
1-2: Ball
2-2: Foul Ball, location: 2F
2-2: Ball
3-2: Grounds into double play, 5-4-3 (Groundball, 56)
Batting: RHB Jack Jenkins 0-0: Foul Ball, location: 2F
0-1: Fly out, F8 (Line Drive, 8LM)
Bottom of the 4th over - 0 run(s), 1 hit(s), 0 error(s), 0 left on base; Saint John's 2 - Virginia Tech 2
TOP OF THE 5TH
Saint John's Red Storm batting - Pitching for Virginia Tech Hokies : RHP Héctor Valentín
Batting: LHB Larry Bradley 0-0: Called Strike
0-1: Called Strike
0-2: Foul Ball, location: 2F
0-2: Ball
1-2: Foul Ball, location: 2F
1-2: Strikes out swinging
Pitching: RHP Carlos Morán
Batting: SHB Ray O'Dell 0-0: Called Strike
0-1: Foul Ball, location: 2F
0-2: Ball
1-2: Ground out 4-3 (Groundball, 34)
Batting: SHB Roderick Thurman 0-0: Called Strike
0-1: Ball
1-1: Ground out 3-1 (Groundball, 34)
Top of the 5th over - 0 run(s), 0 hit(s), 0 error(s), 0 left on base; Saint John's 2 - Virginia Tech 2
BOTTOM OF THE 5TH
Virginia Tech Hokies batting - Pitching for Saint John's Red Storm : RHP Carlos Núñes
Batting: RHB Primo Owen 0-0: Foul Ball, location: 2F
0-1: Foul Ball, location: 2F
0-2: SOLO HOME RUN (Flyball, 8RXD), Distance : 382 ft
Batting: RHB Dusty Green 0-0: Ball
1-0: Swinging Strike
1-1: Foul Ball, location: 2F
1-2: Foul Ball, location: 2F
1-2: Ball
2-2: Fly out, F8 (Flyball, 89M)
Batting: RHB Bob Jones 0-0: Called Strike
0-1: SOLO HOME RUN (Flyball, 78XD), Distance : 385 ft
Pitching: RHP Juan Moreno
Batting: LHB Chris López 0-0: Ball
1-0: Ground out 6-3 (Groundball, 6)
Batting: RHB Eric Clay 0-0: Ball
1-0: Called Strike
1-1: Ball
2-1: Ground out 4-3 (Groundball, 34)
Bottom of the 5th over - 2 run(s), 2 hit(s), 0 error(s), 0 left on base; Saint John's 2 - Virginia Tech 4
TOP OF THE 6TH
Saint John's Red Storm batting - Pitching for Virginia Tech Hokies : RHP Carlos Morán
Batting: SHB Richard Coupland 0-0: Called Strike
0-1: Called Strike
0-2: Foul Ball, location: 2F
0-2: Hit by Pitch
Batting: LHB Richard Shelton 0-0: Swinging Strike
0-1: Ball
1-1: Swinging Strike
1-2: Foul Ball, location: 2F
1-2: Strikes out swinging
Batting: RHB Jeffery Evans 0-0: Ball
1-0: Ball
Richard Coupland steals 2nd base
2-0: Ball
3-0: Base on Balls
Batting: RHB Mark Lester 0-0: Ball
1-0: Ball
2-0: Called Strike
2-1: Foul Ball, location: 2F
2-2: Strikes out looking
Batting: RHB Pete King 0-0: Ball
1-0: Called Strike
1-1: Ball
2-1: Foul Ball, location: 2F
2-2: Strikes out swinging
Top of the 6th over - 0 run(s), 0 hit(s), 0 error(s), 2 left on base; Saint John's 2 - Virginia Tech 4
BOTTOM OF THE 6TH
Virginia Tech Hokies batting - Pitching for Saint John's Red Storm : RHP Juan Moreno
Batting: RHB Clay Smith 0-0: Ball
1-0: Fly out, F4 (Popup, 4D)
Batting: RHB Will McDonald 0-0: Foul Ball, location: 2F
0-1: Swinging Strike
0-2: Ball
1-2: Strikes out looking
Batting: RHB Rob Fleming 0-0: Swinging Strike
0-1: Ball
1-1: Ball
2-1: Called Strike
2-2: Strikes out swinging
Bottom of the 6th over - 0 run(s), 0 hit(s), 0 error(s), 0 left on base; Saint John's 2 - Virginia Tech 4
TOP OF THE 7TH
Saint John's Red Storm batting - Pitching for Virginia Tech Hokies : RHP Carlos Morán
Batting: SHB Javier Rosado 0-0: Ball
1-0: Called Strike
1-1: Ball
2-1: Ball
3-1: Swinging Strike
3-2: Foul Ball, location: 2F
3-2: Strikes out looking
Batting: LHB Larry Bradley 0-0: Fly out, F7 (Flyball, 78M)
Batting: SHB Ray O'Dell 0-0: Called Strike
0-1: Ball
1-1: Ball
2-1: Ball
3-1: Base on Balls
Batting: SHB Roderick Thurman 0-0: Ball
1-0: Called Strike
1-1: Ball
Ray O'Dell steals 2nd base
2-1: Ball
3-1: Base on Balls
Batting: SHB Richard Coupland 0-0: Swinging Strike
0-1: Called Strike
0-2: Strikes out swinging
Top of the 7th over - 0 run(s), 0 hit(s), 0 error(s), 2 left on base; Saint John's 2 - Virginia Tech 4
BOTTOM OF THE 7TH
Virginia Tech Hokies batting - Pitching for Saint John's Red Storm : RHP Juan Moreno
Batting: RHB Jack Jenkins 0-0: Called Strike
0-1: Ball
1-1: Swinging Strike
1-2: Fly out, F5 (Line Drive, 56)
Batting: RHB Primo Owen 0-0: Ball
1-0: Swinging Strike
1-1: Foul Ball, location: 2F
1-2: Ball
2-2: Foul Ball, location: 2F
2-2: Strikes out swinging
Batting: RHB Dusty Green 0-0: Ball
1-0: Ball
2-0: SINGLE (Line Drive, 6MD)
Batting: RHB Bob Jones 0-0: Ball
1-0: Foul Ball, location: 2F
1-1: Ball
2-1: SINGLE (Groundball, 4MD)
Dusty Green to second
Batting: LHB Chris López 0-0: Ball
1-0: Called Strike
1-1: Ball
2-1: Ball
3-1: Swinging Strike
3-2: Ground out U3 (Groundball, 3)
Bottom of the 7th over - 0 run(s), 2 hit(s), 0 error(s), 2 left on base; Saint John's 2 - Virginia Tech 4
TOP OF THE 8TH
Saint John's Red Storm batting - Pitching for Virginia Tech Hokies : RHP Carlos Morán
Pitching: RHP John O'Neill
Batting: LHB Richard Shelton 0-0: Ball
1-0: Swinging Strike
1-1: Ball
2-1: Foul Ball, location: 2F
2-2: Ground out 5-3 (Groundball, 56S)
Batting: RHB Jeffery Evans 0-0: Ball
1-0: Ball
2-0: Ball
3-0: Base on Balls
Pitching: RHP Dale Bennett
Batting: RHB Mark Lester 0-0: Ball
1-0: Ball
2-0: Ball
3-0: Base on Balls
Jeffery Evans to second
Pinch Hitting: RHB Thomas Barnes 0-0: Swinging Strike
0-1: Swinging Strike
0-2: Ball
1-2: Foul Ball, location: 2F
1-2: Foul Ball, location: 2F
1-2: Fly out, F7 (Flyball, 78S)
Batting: SHB Javier Rosado 0-0: Called Strike
0-1: Ball
1-1: Swinging Strike
1-2: Ground out 5-3 (Groundball, 5S)
Top of the 8th over - 0 run(s), 0 hit(s), 0 error(s), 2 left on base; Saint John's 2 - Virginia Tech 4
BOTTOM OF THE 8TH
Virginia Tech Hokies batting - Pitching for Saint John's Red Storm : RHP Juan Moreno
Now at SS: Thomas Barnes
Batting: RHB Eric Clay 0-0: Called Strike
0-1: Foul Ball, location: 2F
0-2: Ball
1-2: Ball
2-2: Ball
3-2: Foul Ball, location: 2F
3-2: Base on Balls
Batting: RHB Clay Smith 0-0: Called Strike
0-1: Ball
1-1: Swinging Strike
1-2: Foul Ball, location: 2F
1-2: Strikes out swinging
Batting: RHB Will McDonald 0-0: Called Strike
0-1: Ball
1-1: Foul Ball, location: 2F
1-2: Foul Ball, location: 2F
1-2: Ball
2-2: Ball
3-2: Base on Balls
Eric Clay to second
Pitching: RHP John Lee
Batting: RHB Rob Fleming 0-0: SINGLE (Groundball, 56S) (infield hit)
Eric Clay to third
Will McDonald to second
Batting: RHB Jack Jenkins 0-0: Foul Ball, location: 2F
0-1: Ball
1-1: GRAND SLAM HOME RUN (Line Drive, 7D), Distance : 351 ft
Batting: RHB Primo Owen 0-0: Fly out, F8 (Flyball, 8RM)
Batting: RHB Dusty Green 0-0: Called Strike
0-1: Ball
1-1: Ball
2-1: Ball
3-1: Foul Ball, location: 2F
3-2: Base on Balls
Batting: RHB Bob Jones 0-0: Ball
1-0: Ball
2-0: Swinging Strike
2-1: Foul Ball, location: 2F
2-2: Ground out 1-3 (Groundball, 13S)
Bottom of the 8th over - 4 run(s), 2 hit(s), 0 error(s), 1 left on base; Saint John's 2 - Virginia Tech 8
TOP OF THE 9TH
Saint John's Red Storm batting - Pitching for Virginia Tech Hokies : RHP Dale Bennett
Batting: LHB Larry Bradley 0-0: Ball
1-0: Swinging Strike
1-1: SINGLE (Flyball, 8RS)
Batting: SHB Ray O'Dell 0-0: Foul Ball, location: 2F
0-1: Ball
1-1: Called Strike
1-2: Strikes out looking
Batting: SHB Roderick Thurman 0-0: Called Strike
0-1: Foul Ball, location: 2F
0-2: Ball
1-2: Strikes out looking
Batting: SHB Richard Coupland 0-0: Called Strike
0-1: Ball
1-1: Foul Ball, location: 2F
1-2: Ball
2-2: Strikes out swinging
Top of the 9th over - 0 run(s), 1 hit(s), 0 error(s), 1 left on base; Saint John's 2 - Virginia Tech 8
Tuesday, August 8th, 2017 - OOTP Baseball 17.12 Build 75